 Dungeon Crawl Stone Soup version 0.29.1-12-g30fa7ad0bf (webtiles) character file.

Game seed: 9236420742050273017

1415 zeram the Skirmisher (level 8, 0/37 HPs)
             Began as a Spriggan Hunter on Dec 30, 2022.
             Was an Initiate of Gozag.
             Slain by Duvessa
             ... wielding a +0 rapier
              (7 damage)
             ... on level 4 of the Dungeon.
             The game lasted 00:13:56 (5575 turns).

zeram the Skirmisher (Spriggan Hunter)              Turns: 5575, Time: 00:13:57

Health: 0/37       AC:  4    Str:  7    XL:     8   Next: 43%
Magic:  9/9        EV: 19    Int: 12    God:    Gozag
Gold:   302        SH:  0    Dex: 19    Spells: 7/7 levels left

rFire   . . .      SeeInvis +   a - +2 shortbow
rCold   . . .      Faith    .   (shield currently unavailable)
rNeg    . . .      Spirit   .   c - +2 robe
rPois   .          Reflect  .   (helmet restricted)
rElec   .          Harm     .   (no cloak)
rCorr   .          Rampage  .   (gloves unavailable)
Will    +....                   (boots unavailable)
Stlth   ++........              i - amulet of the acrobat
HPRegen 0.12/turn               (no ring)
MPRegen 0.11/turn               (no ring)

@: very quick
A: very small, no large weapons, unfitting armour, see invisible, speed 3
a: Renounce Religion, Potion Petition, Call Merchant, Bribe Branch


You were on level 4 of the Dungeon.
You worshipped Gozag.
Gozag was aware of your devotion.
You visited 1 branch of the dungeon, and saw 5 of its levels.

You collected 370 gold pieces.
You paid 68 gold pieces to Gozag.

Inventory:

Hand Weapons
 a - a +2 shortbow (weapon)
 r - a +3 mace
Missiles
 l - a throwing net
Armour
 c - a +2 robe (worn)
Jewellery
 h - an amulet of guardian spirit
 i - an amulet of the acrobat (around neck)
 j - an amulet of faith
Wands
 t - a wand of digging (8)
Scrolls
 b - a scroll of immolation
 q - a scroll of enchant armour
Potions
 d - 4 potions of curing
 e - 2 potions of heal wounds
 g - a potion of lignification {unknown}
 k - a potion of haste {unknown}
 m - a potion of brilliance {unknown}
 n - 3 potions of mutation
 o - a potion of degeneration {unknown}
 p - a potion of flight {unknown}
 s - 2 potions of berserk rage {unknown}


   Skills:
 - Level 1.5 Fighting
 + Level 11.0 Ranged Weapons
 + Level 4.0 Dodging
 - Level 1.5 Stealth


You had 7 spell levels left.
You didn't know any spells.
Your spell library contained the following spells:

 Spells                   Type           Power      Damage    Failure   Level
 Apportation              Tloc           0%         N/A       32%         1
 Necrotise                Necr           0%         1d4       32%         1
 Summon Small Mammal      Summ           0%         N/A       32%         1
 Ensorcelled Hibernation  Hex/Ice        0%         N/A       45%         2
 Gell's Gravitas          Tloc           0%         N/A       69%         3
 Lesser Beckoning         Tloc           0%         N/A       69%         3
 Ozocubu's Armour         Ice            0%         N/A       69%         3
 Spider Form              Tmut/Pois      0%         N/A       69%         3
 Teleport Other           Tloc           0%         N/A       69%         3
 Anguish                  Hex/Necr       0%         N/A       97%         4
 Ozocubu's Refrigeration  Ice            0%         4d7       100%        7


Dungeon Overview and Level Annotations

Branches:
Dungeon (5/15)
 Temple: D:4-7

Altars:
Cheibriados
Gozag
Uskayaw
Xom
Yredelemnul
Zin

Annotations:
D:4 Duvessa


Innate Abilities, Weirdness & Mutations

You are very small and have problems with some larger weapons.
You are too small for most types of armour.
You have supernaturally acute eyesight. (SInv)
You cover ground extremely quickly. (Speed+++)


Message History

Really attack while wielding your +2 shortbow? [Y]es or [N]o only, please.
Really attack while wielding your +2 shortbow? [Y]es or [N]o only, please.
Really attack while wielding your +2 shortbow? [Y]es or [N]o only, please.
Really attack while wielding your +2 shortbow? [Y]es or [N]o only, please.
Really attack while wielding your +2 shortbow? [Y]es or [N]o only, please.
Really attack while wielding your +2 shortbow? [Y]es or [N]o only, please.
Really attack while wielding your +2 shortbow?
Okay, then.
r - a +3 mace (weapon)
Duvessa barely misses you.
You sock Duvessa!
Duvessa is lightly wounded.
Duvessa completely misses you. x2
Unknown command.
You hit Duvessa but do no damage.
Duvessa is lightly wounded.
Duvessa barely misses you. Duvessa completely misses you.
Unknown command.
You hit Duvessa.
Duvessa is moderately wounded.
Duvessa completely misses you. Duvessa hits you with a +0 rapier!
You thump Duvessa!
Duvessa is moderately wounded.
Duvessa barely misses you. Duvessa completely misses you.
Duvessa hits you with a +0 rapier!
You hit Duvessa.
Duvessa is heavily wounded.
Duvessa misses you. Duvessa hits you with a +0 rapier!
* * * LOW HITPOINT WARNING * * *
a - a +2 shortbow (weapon)
There is a stone staircase leading up here.
Duvessa hits you with a +0 rapier!
You die...
Your body crumbles into a pile of gold.

###.# ##.##.###.#
##...####...#.#....
#.....##...........
#.................#
#.....##.....######
##...###.....#####.
##......#.#.......
###e####.###.#####.
#.@.# #.##### ##
#.### ###...## #
#.# ##.....## # #.#
#.....[.#### #.#
#..._.....## #.#
#.......#... #.#
##.....##### #.#
##...## # #.# #####
#


You could see Duvessa (berserk).

Vanquished Creatures
  Grinder (D:4)
  A water moccasin (D:4)
  The ghost of zeram the Shooter, an amateur SpHu (D:3)
  2 black bears
  2 phantoms
  A necrophage (D:2)
  3 scorpions
  Dowan (D:5)
  A howler monkey (D:4)
  An orc priest (D:5)
  2 hounds (D:4)
  Jessica (D:3)
  An iguana (D:4)
  An orc wizard (D:5)
  Natasha (D:2)
  2 howler monkey zombies (D:5)
  5 adders
  3 gnolls (D:5)
  2 worms
  4 dart slugs
  12 orcs
  7 endoplasms
  2 giant cockroaches
  7 goblins
  9 hobgoblins
  2 jackals (D:4)
  3 kobolds
  2 quokkas
  2 ball pythons
  2 bats
  3 frilled lizards (D:2)
  6 rats
93 creatures vanquished.

Vanquished Creatures (others)
  13 demonic plants (D:1)
  5 fungi (D:1)
  A plant (D:1)
  4 withered plants (D:1)
23 creatures vanquished.

Grand Total: 116 creatures vanquished

Notes
Turn   | Place    | Note
-------+----------+-------------------------------------------
     0 | D:1      | zeram the Spriggan Hunter began the quest for the Orb.
     0 | D:1      | Reached XP level 1. HP: 10/10 MP: 2/2
    83 | D:1      | Reached XP level 2. HP: 14/14 MP: 3/3
   251 | D:1      | Found a faded altar of an unknown god.
   265 | D:1      | Reached XP level 3. HP: 12/18 MP: 4/4
   268 | D:1      | Reached skill level 5 in Ranged Weapons
   652 | D:2      | Identified the +1 kite shield "Jicafful" {rF+}
   856 | D:2      | Noticed a necrophage
   863 | D:2      | Killed a necrophage
   864 | D:2      | Reached XP level 4. HP: 18/22 MP: 5/5
  1050 | D:2      | Noticed Natasha
  1056 | D:2      | Killed Natasha
  1057 | D:2      | Reached skill level 6 in Ranged Weapons
  1380 | D:3      | Found a snail-covered altar of Cheibriados.
  1540 | D:3      | Found a large runed translucent door.
  1540 | D:3      | Found a large runed translucent door.
  1552 | D:3      | Noticed zeram's ghost (amateur SpHu)
  1603 | D:3      | Reached XP level 5. HP: 23/25 MP: 6/6
  1844 | D:3      | Noticed Jessica
  1846 | D:3      | Killed Jessica
  1955 | D:3      | Noticed a phantom
  1962 | D:3      | Killed a phantom
  1963 | D:3      | Reached skill level 7 in Ranged Weapons
  2477 | D:3      | Killed zeram's ghost
  2478 | D:3      | Reached XP level 6. HP: 30/30 MP: 7/7
  2687 | D:4      | Noticed Grinder
  2924 | D:4      | Noticed a water moccasin
  2961 | D:4      | Killed a water moccasin
  2962 | D:4      | Reached skill level 8 in Ranged Weapons
  3033 | D:4      | Reached XP level 7. HP: 33/33 MP: 8/8
  3234 | D:4      | Found a glowing silver altar of Zin.
  3294 | D:4      | Killed Grinder
  3295 | D:4      | Reached skill level 9 in Ranged Weapons
  3354 | D:4      | Found an opulent altar of Gozag.
  3555 | D:4      | Became a worshipper of Gozag Ym Sagoz the Greedy
  3632 | D:4      | Found a shimmering altar of Xom.
  3634 | D:4      | Found a hide-covered altar of Uskayaw.
  3746 | D:5      | Entered Level 5 of the Dungeon
  3851 | D:5      | Found a basalt altar of Yredelemnul.
  3917 | D:5      | Reached skill level 10 in Ranged Weapons
  3917 | D:5      | Reached XP level 8. HP: 37/37 MP: 9/9
  4390 | D:5      | Noticed Dowan
  4396 | D:5      | Killed Dowan
  4397 | D:5      | Reached skill level 11 in Ranged Weapons
  4605 | D:5      | Noticed Duvessa
  5575 | D:4      | Slain by Duvessa

Illustrated notes

Levels and vault maps discovered:
D:1:      nzn_arrival_water_spiral, layout_rooms, shapermc_ecumenical_altar_gd
D:2:      layout_basic, uniq_natasha
D:3:      layout_basic, cheibriados_altar_1, ebering_ghost_disaster_area,
          minmay_misc_feat_doors, uniq_jessica
D:4:      layout_loops_ring, lemuel_round_altar, grunt_gozag_breadcrumbs,
          minitemple, uniq_grinder
D:5:      wander_river, layout_loops_ring, lemuel_zombie_altar_yredelemnul,
          hellmonk_bongcloud_opening, uniq_duvessa

Skill      XL: |  1  2  3  4  5  6  7  8 |
---------------+-------------------------+-----
Ranged Weapons | 5 6 7 8 10 11 | 11.0
Dodging        | 3 4 |  4.0
Fighting       | |  1.5
Stealth        | |  1.5

Action                   |  1- 3 |  4- 6 |  7- 9 || total
-------------------------+-------+-------+-------++-------
Melee: Mace              |       |       |     5 ||     5
 Fire: Shortbow          |    95 |   102 |   163 ||   360
  Use: Scroll            |     3 |     6 |     4 ||    13
       Potion            |       |     1 |       ||     1
Armor: Robe              |     5 |       |     7 ||    12
Dodge: Dodged            |    28 |    24 |    84 ||   136
